 Dungeon Crawl Stone Soup version 0.30.0-5-g1a98f26d00 (webtiles) character file.

Game seed: 11336848089382386644

65 CaptainMV the Vexing (level 4, -4/34 HPs)
             Began as a Gnoll Hexslinger on May 12, 2023.
             Shot with an arrow by a centaur (15 damage)
             ... on level 3 of the Dungeon.
             The game lasted 00:11:09 (969 turns).

CaptainMV the Vexing (Gnoll Hexslinger)              Turns: 969, Time: 00:11:14

Health: -4/34      AC:  2    Str:  9    XL:     4   Next: 14%
Magic:  3/8        EV: 14    Int: 12    God:
Gold:   54         SH:  0    Dex: 15    Spells: 2/9 levels left

rFire   . . .        a - +1 sling
rCold   . . .        (no shield)
rNeg    . . .        c - +0 robe
rPois   .            (no helmet)
rElec   .            (no cloak)
rCorr   .            (no gloves)
SInv    .            (no boots)
Will    .....        (no amulet)
Stlth   ++           (no ring)
HPRegen 0.25/turn    (no ring)
MPRegen 0.11/turn

%: no passive effects
@: very slightly contaminated
A: fangs 1, strong nose, distributed training
a: no special abilities


You were on level 3 of the Dungeon.
You visited 1 branch of the dungeon, and saw 3 of its levels.

You collected 54 gold pieces.

Inventory:

Hand Weapons
 a - a +1 sling (weapon)
 b - a +2 whip of venom
 g - a +4 short sword of holy wrath
Armour
 c - a +0 robe (worn)
Jewellery
 j - a ring of ice
Wands
 k - a wand of flame (27)
Scrolls
 e - a scroll of poison
 l - a scroll of identify
Potions
 f - a potion of curing {unknown}
 h - a potion of cancellation {unknown}
 i - a potion of haste {unknown}


   Skills:
 + Level 2.7 Fighting
 + Level 1.1 Short Blades
 + Level 1.1 Long Blades
 + Level 1.1 Axes
 + Level 1.1 Maces & Flails
 + Level 1.1 Polearms
 + Level 1.1 Staves
 + Level 4.6 Ranged Weapons
 + Level 1.1 Throwing
 + Level 1.1 Armour
 + Level 4.6 Dodging
 + Level 1.1 Stealth
 + Level 1.1 Shields
 + Level 1.1 Unarmed Combat
 + Level 3.0 Spellcasting
 + Level 0.8 Conjurations
 + Level 5.4 Hexes
 + Level 0.8 Summonings
 + Level 0.8 Necromancy
 + Level 0.8 Translocations
 + Level 0.8 Transmutations
 + Level 0.8 Fire Magic
 + Level 0.8 Ice Magic
 + Level 0.8 Air Magic
 + Level 0.8 Earth Magic
 + Level 0.8 Poison Magic
 + Level 1.2 Invocations
 + Level 1.1 Evocations


You had 2 spell levels left.
You knew the following spells:

 Your Spells              Type           Power      Damage    Failure   Level
a - Slow                  Hex            56%        N/A       2%          1
b - Inner Flame           Hex/Fire       9%         N/A       21%         3
c - Portal Projectile     Hex/Tloc       18%        N/A       21%         3

Your spell library contained the following spells:

 Spells                   Type           Power      Damage    Failure   Level
 Cause Fear               Hex            7%         N/A       26%         4
 Ozocubu's Armour         Ice            3%         N/A       45%         3
 Conjure Ball Lightning   Conj/Air       1%         3x3d6     100%        6
 Ozocubu's Refrigeration  Ice            1%         4d7       100%        7
 Discord                  Hex            7%         N/A       100%        8
 Disjunction              Tloc           1%         N/A       100%        8


Dungeon Overview and Level Annotations

Branches:
Dungeon (3/15)

Altars:


Innate Abilities, Weirdness & Mutations

You have very sharp teeth.
Your uncanny sense of smell can sniff out nearby items.
Your experience applies equally to all skills.


Message History

The sling bullet hits the goblin.
You kill the goblin!
The centaur wields a +0 shortbow.
The centaur shoots an arrow.
The arrow hits you.
A rat comes into view.
Fire: a) +1 sling
Press: ? - help, Q - select action, (/) - cycle Shift-Dir - straight line, f - rat
Aim: a rat (60% to hit)
You shoot a sling bullet.
The sling bullet closely misses the rat.
The centaur shoots an arrow.
The arrow hits you!
The centaur shoots an arrow.
The arrow misses you.
Fire: a) +1 sling
Press: ? - help, Q - select action, (/) - cycle Shift-Dir - straight line, f/p - rat
Aim: a rat (60% to hit)
You shoot a sling bullet.
The sling bullet closely misses the rat.
The centaur shoots an arrow.
The arrow hits you.
* * * LOW HITPOINT WARNING * * *
Aiming: Throw Flame
Press: ? - help, Q - select action, (/) - cycle Shift-Dir - straight line, f - centaur, p - rat
Aim: a centaur, wielding a +0 shortbow (81% to hit)
The puff of flame misses the rat.
The puff of flame hits the centaur.
The centaur is moderately wounded.
Unknown command.
A hobgoblin comes into view.
You see here a book of Scorching.
Aiming: Throw Flame
Press: ? - help, Q - select action, (/) - cycle Shift-Dir - straight line, f/p - centaur
Aim: a centaur, wielding a +0 shortbow (lightly wounded, 81% to hit)
The puff of flame hits the rat.
You kill the rat!
The centaur shoots an arrow.
The arrow barely misses you.
Aiming: Throw Flame
Press: ? - help, Q - select action, (/) - cycle Shift-Dir - straight line, f/p - centaur
Aim: a centaur, wielding a +0 shortbow (lightly wounded, 81% to hit)
The puff of flame hits the centaur.
The centaur is moderately wounded.
The centaur shoots an arrow.
The arrow hits you!
You die...

.g..#...#.#
....#...#.#
.......#.###
#.....#.#.##
#......."..
#).......
#......#
#..>.@>#.####
#####<..c....
####.!...
.... ... ##


You could see a centaur and a hobgoblin (asleep).

Vanquished Creatures
  Terence (D:2)
  3 dart slugs (D:1)
  2 ball pythons (D:2)
  An endoplasm (D:2)
  2 giant cockroaches (D:2)
  3 goblins
  5 hobgoblins
  3 jackals (D:1)
  3 bats
  A frilled lizard (D:1)
  3 kobolds
  2 rats
29 creatures vanquished.

Notes
Turn   | Place    | Note
-------+----------+-------------------------------------------
     0 | D:1      | CaptainMV the Gnoll Hexslinger began the quest for the Orb.
     0 | D:1      | Reached XP level 1. HP: 17/17 MP: 4/4
   102 | D:1      | Reached XP level 2. HP: 10/23 MP: 5/5
   496 | D:1      | Reached XP level 3. HP: 28/28 MP: 7/7
   500 | D:1      | Learned a level 3 spell: Inner Flame
   504 | D:1      | Learned a level 3 spell: Portal Projectile
   838 | D:2      | Reached skill level 1 in Invocations
   911 | D:2      | Noticed Terence
   927 | D:2      | Killed Terence
   928 | D:2      | Reached skill level 1 in Short Blades
   928 | D:2      | Reached skill level 1 in Long Blades
   928 | D:2      | Reached skill level 1 in Axes
   928 | D:2      | Reached skill level 1 in Maces & Flails
   928 | D:2      | Reached skill level 1 in Polearms
   928 | D:2      | Reached skill level 1 in Staves
   928 | D:2      | Reached skill level 1 in Throwing
   928 | D:2      | Reached skill level 1 in Armour
   928 | D:2      | Reached skill level 1 in Stealth
   928 | D:2      | Reached skill level 1 in Shields
   928 | D:2      | Reached skill level 1 in Unarmed Combat
   928 | D:2      | Reached skill level 1 in Evocations
   928 | D:2      | Reached XP level 4. HP: 28/34 MP: 8/8
   962 | D:3      | Noticed a centaur
   969 | D:3      | Shot with an arrow by a centaur

Illustrated notes

Levels and vault maps discovered:
D:1:      moated_graveyard_arrival, layout_loops_ring
D:2:      layout_loops_corners, serial_shops, nicolae_shop_crystal,
          uniq_terence, uniq_jessica
D:3:      cheibrodos_greedy_goblins, layout_basic,
          ebering_ecumenical_altar_hall, uniq_natasha, uniq_grinder,
          uniq_sigmund

Skill      XL: |  1  2  3 |
---------------+----------+-----
Invocations    | 1 |  1.2
Short Blades   | 1 |  1.1
Long Blades    | 1 |  1.1
Axes           | 1 |  1.1
Maces & Flails | 1 |  1.1
Polearms       | 1 |  1.1
Staves         | 1 |  1.1
Throwing       | 1 |  1.1
Armour         | 1 |  1.1
Stealth        | 1 |  1.1
Shields        | 1 |  1.1
Unarmed Combat | 1 |  1.1
Spellcasting   | 3 |  3.0
Evocations     | 1 |  1.1
Fighting       | |  2.7
Ranged Weapons | |  4.6
Dodging        | |  4.6
Conjurations   | |  0.8
Hexes          | |  5.4
Summonings     | |  0.8
Necromancy     | |  0.8
Translocations | |  0.8
Transmutations | |  0.8
Fire Magic     | |  0.8
Ice Magic      | |  0.8
Air Magic      | |  0.8
Earth Magic    | |  0.8
Poison Magic   | |  0.8

Action                     |  1- 3 |  4- 6 || total
---------------------------+-------+-------++-------
  Melee: Short sword       |     8 |       ||     8
         Whip              |    43 |       ||    43
         Bite              |     5 |       ||     5
   Fire: Sling             |    58 |     3 ||    61
   Cast: Inner Flame       |     2 |       ||     2
         Portal Projectile |     1 |       ||     1
  Evoke: Wand              |       |     3 ||     3
    Use: Scroll            |     2 |       ||     2
         Potion            |     2 |       ||     2
 Armour: Robe              |    21 |       ||    21
  Dodge: Dodged            |    77 |     2 ||    79
